 Dungeon Crawl Stone Soup version 0.25-a0-1079-g858b6a6ff6 (webtiles) character file.

Game seed: 11180306022661019162, levelgen mode: classic

22 Amnesiac the Covered (level 2, 0/18 HPs)
             Began as a Deep Elf Fighter on May 15, 2020.
             Succumbed to an adder's poison
             ... on level 3 of the Dungeon.
             The game lasted 00:01:25 (273 turns).

Amnesiac the Covered (Deep Elf Fighter)              Turns: 273, Time: 00:01:26

Health: 0/18       AC:  6    Str: 19    XL:     2   Next: 68%
Magic:  4/4        EV:  7    Int: 12    God:
Gold:   48         SH:  9    Dex: 14    Spells: 1/1 levels left

rFire    . . .     SeeInvis .   a - +0 war axe
rCold    . . .     Gourm    .   c - +0 kite shield
rNeg     . . .     Faith    .   b - +0 scale mail
rPois    .         Spirit   .   (no helmet)
rElec    .         Reflect  .   (no cloak)
rCorr    .         Harm     .   (no gloves)
MR       .....                  (no boots)
Stlth    ..........             (no amulet)
HPRegen  0.06/turn              k - +6 ring of strength
MPRegen  0.09/turn              (no ring)

@: lethally poisoned (0 -> -3), stab, flying, hasted, very quick
A: no striking features
a: no special abilities


You were on level 3 of the Dungeon.
You were not hungry.

You visited 1 branch of the dungeon, and saw 4 of its levels.

You collected 48 gold pieces.

Inventory:

Hand Weapons
 a - a +0 war axe (weapon)
Armour
 b - a +0 scale mail (worn)
 c - a +0 kite shield (worn)
Jewellery
 k - a +6 ring of strength (left hand)
Scrolls
 e - 2 scrolls of identify {!r, unknown}
 i - a scroll of enchant armour {!r, unknown}
Potions
 d - a potion of might {!q}
 h - a potion of haste {!q}
Comestibles
 f - 3 rations
 g - 3 chunks of flesh


   Skills:
 + Level 2.6 Fighting
 - Level 2.0 Axes
 + Level 2.6 Armour
 + Level 1.2 Dodging
 - Level 2.4 Shields


You had one spell level left.
You didn't know any spells.
Your spell library was empty.

Dungeon Overview and Level Annotations

Branches:
Dungeon (4/15)
 Temple: D:4-7

Altars:

Shops:
D:4 (


Message History

You kill the adder!
Your Dodging skill increases to level 1!
You feel sick.
You see here an adder corpse.
You see here an adder corpse.
You butcher the adder corpse.
g - 5 chunks of flesh (gained 1)
You see here an adder skeleton.
You feel sick.
You start resting.
You feel sick. x2
You are no longer poisoned.
Found a moonstone ring.
There is an entrance to Tashu's Weapon Shoppe here.
Unknown command.
Found 11 gold pieces.
k - a moonstone ring
Found an escape hatch in the floor.
You now have 48 gold pieces (gained 11).
Found a scroll labeled JYRGHE YGIUH.
There is a stone staircase leading down here.
You feel stronger.
k - a +6 ring of strength (left hand)
f - 3 rations (gained 1)
Found a stone staircase leading up.
Some of the chunks of flesh in your inventory have rotted away.
Found 9 sling bullets.
A leopard gecko comes into view.
An orc and an orc wizard come into view.
The orc wizard shouts!
The orc shouts!
A quokka comes into view.
The orc wizard gestures at you while chanting.
The magic dart hits you.
* * * LOW HITPOINT WARNING * * *
Found a stone staircase leading up.
There is a stone staircase leading up here.
You climb upwards.
The leopard gecko hisses angrily.
An adder comes into view.
There is a stone staircase leading down here.
You block the leopard gecko's attack.
Found a brown potion.
You block the adder's attack.
Really quaff
h - 2 dark potions {!q}?
It was a potion of haste {!q}.
You feel yourself speed up. The adder barely misses you.
You barely miss the adder. The adder bites you.
* * * LOW HITPOINT WARNING * * *
You are lethally poisoned!
The adder poisons you!
* * * LOW HITPOINT WARNING * * *
You feel sick.
* * * LOW HITPOINT WARNING * * *
You feel sick.
You see here a brown potion {!q}.
Really quaff a brown potion {!q}?
It was a potion of flight {!q}.
You feel very buoyant.
You fly up into the air.
The adder bites you.
* * * LOW HITPOINT WARNING * * *
Really quaff
j - an emerald potion {!q}?
It was a potion of stabbing {!q}.
You feel ready to backstab.
You die...

#.....#.##...............
#.....# ##.>...[.......#
#.....#..........#....###
####.....#####.###.#######
#.......# #. #.#
##.#.###.## #.# #.#
#........l#####.# #..
#.8.....8..S....# ##.
#.........##@##.... ..
#.........##.# #
#....>....##..
#.........#####
#.........# #..8.....8.#
#............
#.....###...## #.#### ####


You could see an adder and a leopard gecko.

Vanquished Creatures
  An adder (D:4)
  2 dart slugs (D:1)
  A goblin (D:1)
  3 hobgoblins (D:1)
  A bat (D:1)
  A rat (D:2)
9 creatures vanquished.

Notes
Turn   | Place    | Note
-------+----------+-------------------------------------------
     0 | D:1      | Amnesiac the Deep Elf Fighter began the quest for the Orb.
     0 | D:1      | Reached XP level 1. HP: 13/13 MP: 3/3
    58 | D:1      | Reached XP level 2. HP: 11/18 MP: 4/4
   197 | D:4      | Found Tashu's Weapon Shoppe.
   204 | D:4      | Reached skill level 1 in Dodging
   273 | D:3      | Succumbed to an adder's poison

Illustrated notes

Levels and vault maps discovered:
D:1:      dpeg_arrival_rhombus, layout_basic
D:2:      layout_loops_ring, nicolae_overflow_crystal_walls,
          gammafunk_temple_overflow_claw, lemuel_coloured_pillars_altar
D:3:      layout_rooms, cheibrodos_ashenzari_chains,
          chequers_ecumenical_altar_simple, serial_co_window_serial,
          co_window_of_opportunity_a, co_window_paths_b, co_window_paths_b,
          co_window_paths_a, co_window_cross_1, co_window_paths_c,
          co_window_paths_c, co_window_corner_b, co_window_of_opportunity_b,
          co_window_cross_2, co_window_corner_b, co_window_of_opportunity_b,
          glass_columns_c, hangedman_decor_growths,
          chequers_hall_statues_corner_a, chequers_hall_statues_y,
          minmay_misc_feat_square, st_stairs_1
D:4:      layout_cave_pools, serial_shops, nicolae_shop_crystal, first_ration,
          minmay_misc_feat_columns, serial_bayou_pond_d,
          chequers_serial_rivers_small_3

Skill      XL: |  1  2 |
---------------+-------+-----
Axes           | 2 |  2.0
Dodging        | 1 |  1.2
Fighting       | |  2.6
Armour         | |  2.6
Shields        | |  2.4

Action                   || total
-------------------------++-------
Melee: War axe           ||    22
  Use: Potion            ||     3
Armor: Scale mail        ||     8
Dodge: Dodged            ||     4
Block: Kite shield       ||     9

Table legend:
 A = Non-vault XP
 B = Vault XP
 C = Vault XP percentage of total XP
 D = Non-vault monster count
 E = Vault monster count
 F = Vault count percentage of total count
                 A         B        C        D         E       F
            +---------+---------+-------+---------+---------+-------
      Total |      32 |       0 |   0.0 |       9 |       0 |   0.0
            +---------+---------+-------+---------+---------+-------
        D:1 |      17 |       0 |   0.0 |       7 |       0 |   0.0
        D:2 |       1 |       0 |   0.0 |       1 |       0 |   0.0
        D:4 |      14 |       0 |   0.0 |       1 |       0 |   0.0
            +---------+---------+-------+---------+---------+-------
